 Dungeon Crawl Stone Soup version 0.31.0-11-ge490571c62 (webtiles) character file.

Game seed: 9331846926350374974

1093 Aneyh the Fighter (level 8, -6/54 HPs)
             Began as a Tengu Monk on Feb 4, 2024.
             Killed by divine providence
             ... invoked by an orc priest
              (13 damage)
             ... in the Ecumenical Temple.
             The game lasted 00:13:03 (5680 turns).

Aneyh the Fighter (Tengu Monk)                      Turns: 5680, Time: 00:13:06

Health: -6/54      AC:  9    Str: 11    XL:     8   Next: 31%
Magic:  9/9        EV: 18    Int: 18    God:
Gold:   247        SH:  5    Dex: 18    Spells: 7/7 levels left

rFire   . . .        b - +0 trident (protect)
rCold   . . .        (no shield)
rNeg    . . .        v - +0 robe
rPois   .            (helmet restricted)
rElec   .            (no cloak)
rCorr   +            (no gloves)
SInv    .            (boots unavailable)
Will    .....        o - amulet of reflection
Stlth   ++           q - +6 ring of intelligence
HPRegen 0.29/turn    l - ring of resist corrosion
MPRegen 0.11/turn

%: reflection, acrobat
@: under a protective aura, flying
A: beak, talons 3, evasive flight, acrobatic
a: no special abilities


You were in the Ecumenical Temple.
You visited 2 branches of the dungeon, and saw 7 of its levels.

You collected 247 gold pieces.

Inventory:

Hand Weapons
 a - a +1 long sword
 b - a +0 trident of protection (weapon)
 p - a +0 trident
 y - a +0 falchion
 B - a +0 sling
Missiles
 c - 6 javelins
 t - 6 boomerangs
 w - 3 poisoned darts (quivered)
Armour
 d - an orb of light
 g - a +0 leather armour
 r - a +0 cloak
 v - a +0 robe (worn)
Jewellery
 l - a ring of resist corrosion (right hand)
 o - an amulet of reflection (around neck)
 q - a +6 ring of intelligence (left hand)
Wands
 x - a wand of charming (8)
 C - a wand of polymorph (11)
Scrolls
 f - a scroll of silence {unknown}
 j - a scroll of fog
 m - a scroll of noise {unknown}
 n - a scroll of fear {unknown}
 s - a scroll of enchant weapon
 z - 2 scrolls of teleportation
Potions
 e - a potion of invisibility {unknown}
 h - 2 potions of brilliance
 i - 4 potions of enlightenment
 k - a potion of curing
 u - a potion of mutation {unknown}
 A - a potion of attraction {unknown}


   Skills:
 + Level 8.0 Fighting
 - Level 7.0 Long Blades
 - Level 4.0 Dodging


You had 7 spell levels left.
You didn't know any spells.
Your spell library contained the following spells:

 Spells                   Type           Power      Damage    Failure   Level
 Sting                    Conj/Alch      0%         1d3       22%         1
 Mercury Vapours          Alch/Air       0%         N/A       32%         2
 Olgreb's Toxic Radiance  Alch           0%         N/A       91%         4


Dungeon Overview and Level Annotations

Branches:
Dungeon (6/15)             Temple (1/1) D:6

Altars:
Cheibriados
Dithmenos
Elyvilon
Fedhas
Gozag
Kikubaaqudgha
Makhleb
Nemelex Xobeh
Qazlal
Ru
Sif Muna
Trog
Uskayaw
Vehumet
Wu Jian
Xom
Yredelemnul
Zin

Shops:
D:1 *   D:5 =([[(

Annotations:
D:4 Edmund, Eustachio
D:6 exclusion: statue


Innate Abilities, Weirdness & Mutations

You have a beak for a mouth.
You have claws for feet.
Your magical flight helps you evade attacks. (EV +4)
You can magically evade attacks while moving or waiting.


Message History

The orc wizard attacks as it pursues you!
The orc wizard completely misses you.
You see here a +0 flail.
You bump into the rock wall.
You feel less confused.
The orc wizard casts a spell.
The orc wizard flickers and vanishes!
A puff of flame appears from out of thin air!
The puff of flame misses you.
A puff of flame appears from out of thin air!
The puff of flame misses you.
A puff of flame appears from out of thin air!
The puff of flame hits you.
* * * LOW HITPOINT WARNING * * *
Something tries to affect you, but you resist.
An orc and an orc priest come into view.
The orc priest shouts!
The orc moves out of view.
The orc hits you with a +0 hand axe. The orc attacks as it pursues you!
The orc hits you with a +0 hand axe.
* * * LOW HITPOINT WARNING * * *
You barely miss the orc. You claw the orc. You peck the orc.
You kill the orc!
The orc priest misses you. You block the orc priest's attack.
You see here a +0 hand axe.
The orc priest begins to cast a cantrip, but forgets the words!
There is a staircase to the Ecumenical Temple here.
The orc priest hits you with a +0 flail!
* * * LOW HITPOINT WARNING * * *
You fly downwards.
Welcome back to the Ecumenical Temple!
Reactivating autopickup.
There is a staircase back to the Dungeon here.
You hit the orc priest.
Your weapon exudes an aura of protection.
You claw the orc priest.
The orc priest is heavily wounded.
The orc priest calls down the wrath of Beogh upon you.
Beogh smites you!
You die...

................≈♣
.#.#.#.#.#.#.#.#≈♣
................≈♣
##############.#≈♣
.........8...#..≈♣
.............#.#≈♣
_.._.._.._...#..≈♣
...............#≈♣
_.._.._.._....[o@♣
...............#≈♣
_.._.._.._...#..≈♣
.............#.#≈♣
.........8...#..≈♣
##############.#≈♣
................≈♣
.#.#.#.#.#.#.#.#≈♣
................≈♣


You could see an orc priest.

Vanquished Creatures
  2 water moccasins
  An ice beast (D:5)
  A phantom (D:5)
  A scorpion (D:5)
  A howler monkey (D:5)
  2 hounds (D:4)
  2 bombardier beetles
  A jelly (D:4)
  4 orc priests
  3 iguanas
  A sleepcap (D:5)
  2 orc wizards (Temple)
  7 adders
  2 gnolls (D:5)
  A white imp (D:6)
  2 ufetubi (D:5)
  A ribbon worm (D:2)
  A dart slug (D:1)
  20 orcs
  10 bats
  3 endoplasms
  2 giant cockroaches (D:2)
  8 goblins
  4 hobgoblins
  3 quokkas
  4 ball pythons
  2 frilled lizards
  4 kobolds
  A rat (D:1)
96 creatures vanquished.

Notes
Turn   | Place    | Note
-------+----------+-------------------------------------------
     0 | D:1      | Aneyh the Tengu Monk began the quest for the Orb.
     0 | D:1      | Reached XP level 1. HP: 14/14 MP: 2/2
   220 | D:1      | Found Ykeoc's Assorted Antiques.
   326 | D:1      | Reached XP level 2. HP: 17/19 MP: 3/3
   919 | D:2      | Reached XP level 3. HP: 22/23 MP: 4/4
  1177 | D:2      | Reached skill level 5 in Long Blades
  1305 | D:3      | Reached XP level 4. HP: 24/28 MP: 5/5
  1663 | D:3      | Reached XP level 5. HP: 22/33 MP: 6/6
  1793 | D:3      | Reached skill level 4 in Fighting
  2150 | D:4      | Noticed Edmund
  2341 | D:3      | Reached skill level 5 in Fighting
  2341 | D:3      | Reached XP level 6. HP: 28/40 MP: 7/7
  2900 | D:4      | Noticed Eustachio
  2950 | D:5      | Entered Level 5 of the Dungeon
  3017 | D:5      | Found Rif Tufroli's Armour Boutique.
  3032 | D:5      | Gained mutation: Your magical flight helps you evade
                  | attacks. (EV +4) [Tengu growth]
  3032 | D:5      | Reached XP level 7. HP: 13/45 MP: 8/8
  3438 | D:5      | Found Sasug's Jewellery Emporium.
  3591 | D:4      | Reached skill level 6 in Fighting
  3711 | D:5      | Found Tyeczont's Armour Shoppe.
  3880 | D:5      | Found Nuroschu's Weapon Shop.
  4253 | D:5      | Found Zeekhas's Antique Weapon Shop.
  4860 | D:6      | Reached skill level 7 in Fighting
  4860 | D:6      | Reached XP level 8. HP: 32/53 MP: 9/9
  5055 | D:6      | Found an ornate altar of the Wu Jian Council.
  5088 | D:6      | Found a staircase to the Ecumenical Temple.
  5097 | Temple   | Entered the Ecumenical Temple
  5291 | D:6      | Found a radiant altar of Vehumet.
  5607 | D:6      | Reached skill level 8 in Fighting
  5680 | Temple   | Killed from afar by an orc priest

Illustrated notes

Levels and vault maps discovered:
D:1:      dpeg_arrival_rooms_c, layout_basic, serial_shops, nicolae_shop_stone,
          nicolae_concentric_dashed_squares_mild
D:2:      layout_basic
D:3:      layout_rooms, st_stairs_12
D:4:      layout_basic, nicolae_hepliaklqana_ecumenical_no_more, serial_shops,
          shop, uniq_eustachio, uniq_edmund, uniq_crazy_yiuf_cottage
D:5:      layout_gridville, serial_shops, shop, shop, nicolae_take_the_stairs,
          shop, nicolae_square_shop
D:6:      layout_basic, amcnicky_altar_gilded, vehumet_statue,
          minmay_temple_entry_statues_pillars, serial_shops, shop
Temple:   lightli_temple_of_artemis

Skill      XL: |  1  2  3  4  5  6  7  8 |
---------------+-------------------------+-----
Long Blades    | 4 5 7 |  7.0
Dodging        | 4 |  4.0
Fighting       | 5 7 8 |  8.0

Action                     |  1- 3 |  4- 6 |  7- 9 || total
---------------------------+-------+-------+-------++-------
  Melee: Falchion          |    80 |    88 |       ||   168
         Kick              |    17 |    33 |    36 ||    86
         Peck              |    10 |    18 |    22 ||    50
         Punch             |       |     2 |     1 ||     3
         Long sword        |       |    14 |    84 ||    98
         Trident           |       |       |    27 ||    27
  Throw: Dart              |       |    16 |       ||    16
    Use: Potion            |     1 |     1 |     1 ||     3
         Scroll            |       |     4 |     4 ||     8
   Stab: Sleeping          |     3 |       |     1 ||     4
 Armour: Robe              |    31 |    49 |    58 ||   138
  Dodge: Dodged            |    58 |    96 |   100 ||   254
  Block: Other             |     4 |    24 |    23 ||    51
         Reflection        |       |     2 |     1 ||     3
